 Dungeon Crawl Stone Soup version 0.32-a0-571-gec57dfcd37 (webtiles) character file.

Game seed: 848256549895257741

67447 Asceticacid the Bludgeoner (level 15, -1/144 HPs)
             Began as a Djinni Hunter on Feb 29, 2024.
             Was an Initiate of Gozag.
             Slain by a killer bee (6 damage)
             ... on level 4 of the Lair of Beasts.
             The game lasted 01:15:10 (32117 turns).

Asceticacid the Bludgeoner (Djinni Hunter)         Turns: 32117, Time: 01:15:11

Health: -1/144     AC: 33    Str: 14    XL:     15   Next: 66%
Gold:   569        EV: 10    Int: 15    God:    Gozag SH:  5 Dex: 21

rFire   + + .        b - +1 eveningstar "Brilliance" {foul flame, Umbra}
rCold   x . .        (no shield)
rNeg    . . .        U - +8 chain mail "Deosch" {Will+ Int+3 Dex+2}
rPois   ∞            O - +1 hat {Stlth+}
rElec   .            g - +1 cloak
rCorr   .            F - +0 pair of gloves
SInv    .            (boots unavailable)
Will    ++...        t - amulet of reflection Stlth
                     z - +4 ring of protection
HPRegen 0.44/turn    c - +4 ring of protection
MPRegen 0.00/turn

%: reflection, infuse magic (-2 HP)
@: berserking (expiring), flying, wreathed by umbra, very quick
A: sickness immunity, fire resistance 2, cold vulnerability 1, float, innate
caster, HP casting, extra vitality 1
a: Renounce Religion, Potion Petition, Call Merchant, Bribe Branch


You were on level 4 of the Lair of Beasts.
You worshipped Gozag.
Gozag was pleased with you.
You visited 4 branches of the dungeon, and saw 21 of its levels.
You also visited: Bailey and Volcano.

You collected 8252 gold pieces.
You spent 1464 gold pieces at shops.
You paid 6219 gold pieces to Gozag.

Inventory:

Hand Weapons
 a - a +1 shortbow of freezing
 b - the +1 eveningstar "Brilliance" (weapon) {foul flame, Umbra}
   (You found it on level 10 of the Dungeon)

   Umbra:     It surrounds you with an aura of shadow, increasing your stealth
   and reducing the accuracy of all others within it.
 f - a +1 executioner's axe of flaming
 q - a +2 whip of venom
 K - a +5 dire flail
Missiles
 L - 11 curare-tipped darts (quivered)
 N - 8 datura-tipped darts
Armour
 g - a +1 cloak (worn)
 F - a +0 pair of gloves (worn)
 O - a +1 hat of stealth (worn)
 U - the +8 chain mail "Deosch" (worn) {Will+ Int+3 Dex+2}
   (You found it on level 3 of the Lair of Beasts)

   Int+3:     It affects your intelligence (+3).
   Dex+2:     It affects your dexterity (+2).
   Will+:     It increases your willpower.
Jewellery
 c - a +4 ring of protection (right hand)
 l - a ring of ice
 r - a ring of wizardry
 s - an amulet of the acrobat
 t - an amulet of reflection (around neck)
 v - a ring of willpower
 z - a +4 ring of protection (left hand)
 E - a ring of ice
 G - a ring of protection from fire
 J - a ring of fire
 P - the ring of the Tick {Fly rElec rCorr SInv}
   (You found it on level 10 of the Dungeon)

   [ring of resist corrosion]

   rElec:     It insulates you from electricity.
   SInv:      It lets you see invisible.
   Fly:       It grants you flight.
   rCorr:     It protects you from acid and corrosion.
 S - a ring of wizardry
Wands
 m - a wand of polymorph (5)
 u - a wand of paralysis (5)
 w - a wand of quicksilver (5)
 C - a wand of warping (9)
 H - a wand of flame (58)
 T - a wand of mindburst (6)
Scrolls
 j - 3 scrolls of enchant weapon
 n - 3 scrolls of fog
 o - 2 scrolls of butterflies
 x - a scroll of vulnerability
 y - 4 scrolls of enchant armour
 I - 5 scrolls of identify
 Q - 2 scrolls of torment
 V - 3 scrolls of noise
Potions
 d - 3 potions of might
 e - 2 potions of resistance
 h - 2 potions of attraction {unknown}
 i - 8 potions of curing
 k - a potion of heal wounds
 A - a potion of degeneration
 B - 2 potions of brilliance {unknown}
 D - 5 potions of enlightenment {unknown}
 M - 4 potions of haste {unknown}
 R - a potion of ambrosia


   Skills:
 - Level 5.3 Fighting
 - Level 16.0 Maces & Flails
 - Level 10.5 Ranged Weapons
 + Level 11.7 Armour
 - Level 4.7 Dodging
 - Level 1.1 Stealth
 - Level 4.6 Spellcasting
 - Level 4.6 Conjurations
 - Level 4.6 Hexes
 - Level 4.6 Summonings
 - Level 4.6 Necromancy
 - Level 4.6 Translocations
 - Level 4.6 Fire Magic
 - Level 4.6 Ice Magic
 - Level 4.6 Air Magic
 - Level 4.6 Earth Magic
 - Level 4.6 Alchemy
 - Level 1.3 Evocations


You knew the following spells:

 Your Spells              Type           Power      Damage    Failure   Level
a - Sandblast             Erth           34%        2d9       22%         1
b - Ensorcelled Hibernat  Hex/Ice        34%        N/A       34%         2
c - Volatile Blastmotes   Fire/Tloc      34%        2d12      56%         3
d - Stone Arrow           Conj/Erth      34%        3d9       56%         3
e - Yara's Violent Unrav  Hex/Alch       8%         3d5       99%         5
f - Borgnjor's Vile Clut  Necr/Erth      8%         N/A       99%         5
g - Bombard               Conj/Erth      8%         9d2       100%        6
Your spell library was empty.


Dungeon Overview and Level Annotations

Branches:
Dungeon (13/15)            Temple (1/1) D:6            Lair (5/5) D:11
  Swamp (0/4) Lair:2       Spider (0/4) Lair:2        Slime (0/5) Lair:5
    Orc (2/2) D:9             Elf (0/3) Orc:2        Bailey (visited)
Volcano (visited)
 Vaults: D:13-14

Altars:
Ashenzari
Cheibriados
Dithmenos
Elyvilon
Fedhas
Gozag
Hepliaklqana
Makhleb
Nemelex Xobeh
Okawaru
Qazlal
Ru
Trog
Uskayaw
Wu Jian
Xom
Yredelemnul
Zin
The Shining One
Beogh
Jiyva

Shops:
Orc:2 ::![[   Lair:3 ((

Annotations:
Lair:2 2 transporters, Banquo's ghost, journeyman DjAE
Lair:5 1 runed translucent door


Innate Abilities, Weirdness & Mutations

You are immune to sickness and miasma.
You are immune to poison.
Your flesh is very heat resistant. (rF++)
You are vulnerable to cold. (rC-)
You float through the air rather than walking.
You learn spells naturally, not from books.
Your magical power is your life essence.
You have superior vitality. (+4 MHP)


Message History

The killer bee stings you but does no damage.
You block the killer bee's attack.
The meliai invokes the aid of its god against you.
Something smites you! The killer bee misses you.
The killer bee stings you but does no damage. x2
The killer bee completely misses you.
The killer bee stings you but does no damage.
You can't go down here!
You feel a strong urge to attack something.
The killer bee closely misses you.
The killer bee stings you but does no damage.
The meliai invokes the aid of its god against you.
Something smites you!
* * * LOW HITPOINT WARNING * * *
The killer bee stings you but does no damage.
The meliai calls down the wrath of its god upon you.
Something smites you!
* * * LOW HITPOINT WARNING * * *
The killer bee stings you but does no damage.
You block the killer bee's attack.
The killer bee stings you but does no damage. x2
The meliai mumbles some strange prayers to its god against you.
Something smites you!
* * * LOW HITPOINT WARNING * * *
The killer bee closely misses you. The killer bee stings you.
* * * LOW HITPOINT WARNING * * *
You fly upwards.
There is a stone staircase leading down here.
You are too berserk!
You are too berserk!
You are too berserk!
You sock the killer bee!
The killer bee convulses.
The killer bee is severely wounded.
The killer bee stings you but does no damage.
The killer bee barely misses you. The killer bee closely misses you.
You barely miss the killer bee.
The killer bee is severely wounded.
The killer bee closely misses you. The killer bee stings you.
You die...
Your body crumbles into a pile of gold.

### ##.## ### ##.##### #..# #.#
###....P.# ######.#### ##.
###.#......## ##..##.###.####.
#...........# ##..#....###....#
###...........###....#.#..P##...#
#....#.)......##.....###P.##....#
..####........##.y#### #...#.....
..###......#####@y.# #..##.....
.##.>.##...# ##yyy## ##.##.....
.#...###..## #...## #.###....
...#.# #..## ##...# #........
....## ##..####...# #.....)..
....# ##...#.##...##### ##.......
...P###...............## #....#..
..........####.........# #....###
...#.......##..#...##..####...#


You could see 5 killer bees.

Vanquished Creatures
  4 apis (D:12)
  Fannar (Orc:1)
  5 hydras (Lair:3)
  A boulder beetle (D:10)
  2 ogre magi (Orc:2)
  2 two-headed ogres (D:11)
  8 death yaks
  An orc high priest (Orc:1)
  A hell knight (Volcano)
  Nergalle (Orc:2)
  2 skeletal warriors
  A skyshark (Lair:3)
  A salamander mystic (Volcano)
  A deep elf pyromancer (D:12)
  2 orc knights
  2 lindwurms
  A necromancer (D:12)
  A manticore (D:12)
  A cyclops (D:11)
  8 orc sorcerers
  5 salamanders (Volcano)
  2 black mambas (Lair:3)
  2 kobold blastminers (Orc:1)
  3 centaur zombies (D:12)
  18 elephants
  10 cane toads
  A torpor snail (Lair:5)
  A molten gargoyle (Volcano)
  An unseen horror (D:11)
  3 rime drakes
  7 komodo dragons
  5 trolls
  2 polar bears
  A tyrant leech (Lair:2)
  7 blink frogs
  2 culicivoras (Lair:2)
  A centaur simulacrum (D:12)
  7 slime creatures
  Sigmund (D:5)
  5 fire bats (Volcano)
  A shadow (D:11)
  6 wyverns
  A vampire (D:11)
  42 yaks
  A wraith (D:11)
  A steam dragon (Lair:1)
  2 basilisks
  4 wargs
  3 vampire mosquitoes (D:10)
  4 redbacks
  Menkaure (D:4)
  A swamp worm (Lair:2)
  An acid dragon (D:10)
  12 water moccasins
  19 orc warriors
  12 wolves
  2 black bears
  15 ogres
  3 phantoms
  A centaur (D:7)
  8 kobold brigands
  19 bullfrogs
  4 gnoll sergeants
  A scorpion (Lair:2)
  Dowan (D:4)
  27 wights
  6 killer bees (D:10)
  3 bombardier beetles
  6 lava snakes
  15 orc priests
  2 sleepcaps
  5 iguanas
  35 orc wizards
  Ijyb (D:5)
  26 gnolls
  8 adders
  2 white imps
  4 ufetubi (D:6)
  4 dart slugs
  3 ribbon worms
  63 orcs
  4 endoplasms (D:4)
  6 giant cockroaches
  11 goblins
  4 hobgoblins
  5 jackals (D:1)
  7 quokkas
  3 ball pythons
  4 bats
  8 frilled lizards
  22 kobolds
  25 rats
604 creatures vanquished.

Vanquished Creatures (others)
  An orc wizard (Orc:2)
  An orc (Orc:2)
2 creatures vanquished.

Grand Total: 606 creatures vanquished

Notes
Turn   | Place    | Note
-------+----------+-------------------------------------------
     0 | D:1      | Asceticacid the Djinni Hunter began the quest for the Orb.
     0 | D:1      | Reached XP level 1. HP: 18/18 MP: 0/0
   230 | D:1      | Reached XP level 2. HP: 23/23 MP: 0/0
   593 | D:1      | Reached XP level 3. HP: 25/28 MP: 0/0
   593 | D:1      | Learned a level 1 spell: Sandblast
   993 | D:2      | Reached XP level 4. HP: 33/33 MP: 0/0
  1890 | D:3      | Reached XP level 5. HP: 37/38 MP: 0/0
  1890 | D:3      | Learned a level 2 spell: Ensorcelled Hibernation
  1923 | D:3      | Reached skill level 5 in Ranged Weapons
  2017 | D:3      | Found a glowing silver altar of Zin.
  2210 | D:4      | Noticed a phantom
  2211 | D:4      | Noticed Dowan
  2343 | D:4      | Found a shimmering altar of Xom.
  2358 | D:4      | Noticed Duvessa
  2360 | D:4      | Duvessa changed into Duvessa the quokka
  2360 | D:4      | Noticed Duvessa
  2361 | D:4      | Killed Duvessa the quokka
  2376 | D:4      | Killed Dowan
  2459 | D:4      | Reached XP level 6. HP: 31/43 MP: 0/0
  2579 | D:4      | Noticed Menkaure
  2616 | D:4      | Killed Menkaure
  3234 | D:4      | Reached XP level 7. HP: 49/49 MP: 0/0
  3234 | D:4      | Learned a level 3 spell: Volatile Blastmotes
  3319 | D:5      | Entered Level 5 of the Dungeon
  3389 | D:5      | Reached skill level 1 in Spellcasting
  3389 | D:5      | Reached skill level 1 in Conjurations
  3389 | D:5      | Reached skill level 1 in Hexes
  3389 | D:5      | Reached skill level 1 in Summonings
  3389 | D:5      | Reached skill level 1 in Necromancy
  3389 | D:5      | Reached skill level 1 in Translocations
  3389 | D:5      | Reached skill level 1 in Fire Magic
  3389 | D:5      | Reached skill level 1 in Ice Magic
  3389 | D:5      | Reached skill level 1 in Air Magic
  3389 | D:5      | Reached skill level 1 in Earth Magic
  3389 | D:5      | Reached skill level 1 in Alchemy
  3500 | D:5      | Found a bloodstained altar of Trog.
  4058 | D:5      | Noticed Ijyb
  4085 | D:5      | Paralysed by Ijyb for 5 turns
  4092 | D:5      | Paralysed by Ijyb for 5 turns
  4097 | D:5      | Killed Ijyb
  4228 | D:5      | Reached XP level 8. HP: 54/54 MP: 0/0
  4402 | D:5      | Reached skill level 1 in Armour
  4818 | D:6      | Found a staircase to the Ecumenical Temple.
  4887 | Temple   | Entered the Ecumenical Temple
  4915 | Temple   | Became a worshipper of Gozag Ym Sagoz the Greedy
  4979 | D:6      | Reached XP level 9. HP: 47/58 MP: 0/0
  4979 | D:6      | Learned a level 3 spell: Stone Arrow
  5402 | D:6      | Noticed Sigmund
  5641 | D:5      | Killed Sigmund
  6733 | D:7      | Found a faded altar of an unknown god.
  7245 | D:8      | Reached XP level 10. HP: 63/67 MP: 0/0
  7405 | D:8      | Reached skill level 1 in Stealth
  7903 | D:8      | Reached skill level 10 in Ranged Weapons
  8414 | D:9      | Reached skill level 5 in Fighting
  8980 | D:9      | Found a staircase to the Orcish Mines.
  9066 | D:9      | Reached skill level 1 in Evocations
  9475 | D:9      | Reached skill level 1 in Maces & Flails
  9544 | D:10     | Entered Level 10 of the Dungeon
  9557 | D:10     | Found a runed translucent door.
  9557 | D:10     | Found the +1 eveningstar "Brilliance" {foul flame, Umbra}
  9585 | D:10     | Reached skill level 2 in Maces & Flails
  9647 | D:9      | Reached XP level 11. HP: 69/76 MP: 0/0
  9647 | D:9      | Learned a level 5 spell: Yara's Violent Unravelling
  9800 | D:10     | Found a flagged portal.
  9816 | D:10     | Reached skill level 3 in Maces & Flails
  9848 | Bailey   | Entered a bailey
 10030 | Bailey   | Reached skill level 4 in Maces & Flails
 10187 | Bailey   | Found a burning altar of Makhleb.
 10329 | D:10     | Reached skill level 5 in Maces & Flails
 10899 | D:9      | Reached skill level 6 in Maces & Flails
 11601 | D:10     | Found a runed translucent gate.
 11601 | D:10     | Found a runed translucent gate.
 11601 | D:10     | Found a runed translucent gate.
 11601 | D:10     | Found a runed translucent gate.
 11601 | D:10     | Found a runed translucent gate.
 11601 | D:10     | Found a runed translucent gate.
 11601 | D:10     | Noticed a boulder beetle
 11601 | D:10     | Noticed a lindwurm
 11645 | D:10     | Killed a boulder beetle
 11791 | D:10     | Killed a lindwurm
 11792 | D:10     | Reached skill level 7 in Maces & Flails
 11886 | D:10     | Identified the ring of the Tick {Fly rElec rCorr SInv}
 12041 | D:11     | Noticed a cyclops
 12545 | D:11     | Noticed a two-headed ogre
 12577 | D:11     | Killed a two-headed ogre
 12578 | D:11     | Reached skill level 8 in Maces & Flails
 12742 | D:11     | Reached XP level 12. HP: 71/81 MP: 0/0
 12782 | D:11     | Found a staircase to the Lair.
 13218 | D:11     | Noticed a two-headed ogre
 13237 | D:11     | Killed a two-headed ogre
 13238 | D:11     | Reached skill level 9 in Maces & Flails
 13989 | Orc:1    | Entered Level 1 of the Orcish Mines
 13992 | Orc:1    | Noticed Fannar
 14028 | Orc:1    | Killed Fannar
 14030 | Orc:1    | Noticed an orc high priest
 14046 | Orc:1    | Killed an orc high priest
 14047 | Orc:1    | Reached skill level 10 in Maces & Flails
 14358 | Orc:1    | Identified a scroll of acquirement
 14358 | Orc:1    | Acquired 524 gold pieces
 14529 | Orc:1    | Found a dark tunnel.
 14534 | Volcano  | Entered a volcano
 14903 | Volcano  | Noticed a salamander mystic
 14957 | Volcano  | Reached skill level 11 in Maces & Flails
 15090 | Volcano  | Noticed a hell knight
 15292 | Volcano  | Killed a hell knight
 15614 | Volcano  | Killed a salamander mystic
 15615 | Volcano  | Reached XP level 13. HP: 76/85 MP: 0/0
 15615 | Volcano  | Learned a level 5 spell: Borgnjor's Vile Clutch
 15647 | Volcano  | Found a bloodstained altar of Trog.
 15683 | Volcano  | Found a burning altar of Makhleb.
 16039 | D:9      | Reached skill level 12 in Maces & Flails
 17022 | Orc:2    | Entered Level 2 of the Orcish Mines
 17212 | Orc:2    | Found a roughly hewn altar of Beogh.
 17975 | Orc:2    | Found a staircase to the Elven Halls.
 18694 | Orc:2    | Found Jadgh's Book Emporium.
 18699 | Orc:2    | Reached skill level 13 in Maces & Flails
 19102 | Orc:2    | Found Tezuf's Distillery.
 19132 | Orc:2    | Noticed an ogre mage
 19151 | Orc:2    | Killed an ogre mage
 19360 | Orc:2    | Found Poun's Book Shoppe.
 19390 | Orc:2    | Noticed Nergalle
 19607 | Orc:2    | Noticed an ogre mage
 19614 | Orc:2    | Killed Nergalle
 19615 | Orc:2    | Found a roughly hewn altar of Beogh.
 19615 | Orc:2    | Found Jybecleth's Antique Armour Emporium.
 19714 | Orc:2    | Killed an ogre mage
 19854 | Orc:2    | Bought a warped ring mail for 234 gold pieces
 19854 | Orc:2    | Identified the +1 ring mail "Besmo" {Fly} (You bought it in
                  | a shop on level 2 of the Orcish Mines)
 19854 | Orc:2    | Bought a polished leather armour for 182 gold pieces
 19854 | Orc:2    | Identified the +0 leather armour "Jashreptu" {rF+} (You
                  | bought it in a shop on level 2 of the Orcish Mines)
 19907 | Orc:2    | Bought a faintly glowing chain mail for 361 gold pieces
 19907 | Orc:2    | Identified the +1 chain mail of the Pit {rC+ rN+ rCorr}
                  | (You bought it in a shop on level 2 of the Orcish Mines)
 19923 | Orc:2    | Bought a faintly glowing robe for 216 gold pieces
 19923 | Orc:2    | Identified the +0 robe of Bephuici {rElec rN++} (You bought
                  | it in a shop on level 2 of the Orcish Mines)
 21015 | Lair:1   | Entered Level 1 of the Lair of Beasts
 21060 | Lair:1   | Reached skill level 14 in Maces & Flails
 22049 | Lair:1   | Reached XP level 14. HP: 35/92 MP: 0/0
 22896 | Lair:2   | Found a transporter.
 22903 | Lair:2   | Found a transporter.
 22976 | Lair:1   | Upgraded the game from 0.32-a0-560-g4c7f4391e0 to
                  | 0.32-a0-571-gec57dfcd37
 23011 | Lair:2   | Found a staircase to the Swamp.
 23190 | D:12     | Noticed an apis
 23190 | D:12     | Noticed an apis
 23190 | D:12     | Noticed an apis
 23203 | D:12     | Found a glowing silver altar of Zin.
 23340 | D:12     | Reached skill level 15 in Maces & Flails
 23395 | D:12     | Noticed an apis
 23503 | D:12     | Killed an apis
 23607 | D:12     | Killed an apis
 23833 | D:12     | Killed an apis
 24643 | D:12     | Killed an apis
 25756 | Lair:2   | Noticed Banquo's ghost (journeyman DjAE)
 25817 | Lair:2   | Found a bloodstained altar of Trog.
 26194 | Lair:2   | Reached skill level 16 in Maces & Flails
 26700 | Lair:2   | Found a hole to the Spider Nest.
 27594 | Lair:3   | Reached skill level 5 in Armour
 28109 | Lair:3   | Identified the +8 chain mail "Deosch" {Will+ Int+3 Dex+2}
 28643 | Lair:3   | Reached XP level 15. HP: 67/96 MP: 0/0
 28643 | Lair:3   | Learned a level 6 spell: Bombard
 28787 | Lair:3   | You are sucked into a shaft and drop 1 floor!
 28808 | Lair:4   | Acquired 964 gold pieces
 30518 | Lair:3   | Bought a bloodstained great mace for 471 gold pieces
 30518 | Lair:3   | Identified the +10 great mace "Myariquw" {chaos, rN+} (You
                  | bought it in a shop on level 3 of the Lair of Beasts)
 30947 | Lair:3   | Reached skill level 10 in Armour
 31285 | Lair:5   | Entered Level 5 of the Lair of Beasts
 31729 | Lair:5   | Found a runed translucent door.
 31729 | Lair:5   | Noticed an acid blob
 31746 | Lair:5   | Found a viscous altar of Jiyva.
 31749 | Lair:5   | Found a staircase to the Slime Pits.
 31749 | Lair:5   | Noticed an acid blob
 31749 | Lair:5   | Noticed an acid blob
 32114 | Lair:5   | HP: 6/144 [meliai/divine providence (15)]
 32117 | Lair:4   | Slain by a killer bee

Illustrated notes

Levels and vault maps discovered:
D:1:      minmay_arrival_semitransparent, layout_loops_corners,
          dreamdust_wishing_well
D:2:      layout_loops_ring, minmay_tree_intersection, fountainhead
D:3:      layout_loops_ring, zin_scriptorium, minmay_rat_hole
D:4:      layout_loops_ring, lemuel_tele_altar, lemuel_doored_altar,
          reono_crystal_passage, uniq_duvessa, uniq_menkaure
D:5:      layout_gridville, kennysheep_mini_moat, serial_rivers,
          chequers_serial_rivers_micro_d, chequers_serial_rivers_small_3,
          chequers_serial_rivers_micro_a, chequers_serial_rivers_micro_d,
          chequers_serial_rivers_micro_d, chequers_serial_rivers_room_b,
          uniq_ijyb
D:6:      layout_loops_cross, minmay_temple_entry_steel_oval, sigmund_army
D:7:      layout_cave_pools, serial_column_ruins, column_ruins_temple_hut,
          column_ruins_hut_pillars, column_ruins_open_tiny, column_ruins_grid_1,
          column_ruins_corridor_T, column_ruins_open_tiny,
          column_ruins_open_small, nicolae_hexahallways, bh_walls_and_bars
D:8:      layout_rooms
D:9:      layout_basic, minmay_orc_entry_guard_dogs
D:10:     gammafunk_indiana_jones, layout_small_grid, enter_bailey_2,
          nicolae_zen_rock_garden
D:11:     layout_stronghold, due_lair_maze_entry_diamond, gauntlet_entry_generic
D:12:     dreamdust_under_siege, layout_stronghold
D:13:     cross_vault, layout_cave_pools, david_vaults_2, uniq_erolcha
Temple:   mainiacjoe_temple_bowtie_tessellation
Lair:1:   layout_gridlike
Lair:2:   layout_gridlike, minmay_swamp_entry_worms,
          spider_nest_entry_funnel_web, gammafunk_ghost_wrathful_warriors,
          serial_bayou_lagoon_a, lemuel_fruit_fields
Lair:3:   nzn_winding_woodlands_large [nzn_winding_woodlands_5x5_default,
          nzn_winding_woodlands_5x15_split_checker,
          nzn_winding_woodlands_5x5_three, nzn_winding_woodlands_center_lodge,
          nzn_winding_woodlands_15x15_eel_pit,
          nzn_winding_woodlands_center_triple_pond,
          nzn_winding_woodlands_5x5_open_star,
          nzn_winding_woodlands_5x15_pockets, nzn_winding_woodlands_5x5_cross],
          layout_small_grid, eino_small_chamber_without_monster
Lair:4:   layout_layer_cave
Lair:5:   evilmike_catoblepas_cave, layout_misc_corridors, slime_entry_2,
          special_room [special_room_bee], chequers_serial_rivers_room_a,
          nicolae_quartered_pool_medium, serial_bayou_shore_b
Orc:1:    layout_caves, nicolae_volcano_entry_s_turn, uniq_fannar
Orc:2:    kennysheep_orc_mage_school, layout_caves, basic_altar

Skill      XL: |  1  2  3  4  5  6  7  8  9 10 11 12 13 14 15 |
---------------+----------------------------------------------+-----
Ranged Weapons | 4 5 6 7 9 10 | 10.5
Spellcasting   | 2 3 4 |  4.6
Conjurations   | 2 3 4 |  4.6
Hexes          | 2 3 4 |  4.6
Summonings     | 2 3 4 |  4.6
Necromancy     | 2 3 4 |  4.6
Translocations | 2 3 4 |  4.6
Fire Magic     | 2 3 4 |  4.6
Ice Magic      | 2 3 4 |  4.6
Air Magic      | 2 3 4 |  4.6
Earth Magic    | 2 3 4 |  4.6
Alchemy        | 2 3 4 |  4.6
Armour         | 2 7 11 | 11.7
Dodging        | 3 4 |  4.7
Fighting       | 4 5 |  5.3
Stealth        | 1 |  1.1
Evocations     | 1 |  1.3
Maces & Flails | 2 8 11 14 16 | 16.0

Action                     |  1- 3 |  4- 6 |  7- 9 | 10-12 | 13-15 || total
---------------------------+-------+-------+-------+-------+-------++-------
  Melee: Whip              |       |       |       |    62 |   231 ||   293
         Eveningstar       |       |       |       |   273 |  1272 ||  1545
         Dire flail        |       |       |       |     4 |       ||     4
   Fire: Shortbow          |    97 |   239 |   547 |   771 |   393 ||  2047
  Throw: Dart              |       |       |       |    16 |    22 ||    38
   Cast: Ensorcelled Hiber |       |       |       |     7 |       ||     7
         Stone Arrow       |       |       |       |     1 |       ||     1
 Invoke: Potion Petition   |       |       |       |     3 |     8 ||    11
         Call Merchant     |       |       |       |       |     3 ||     3
  Evoke: Wand              |       |     1 |       |    17 |     9 ||    27
    Use: Scroll            |       |     7 |       |    15 |     8 ||    30
         Potion            |       |     2 |       |       |     9 ||    11
   Stab: Paralysed         |       |       |       |     5 |       ||     5
         Distracted        |       |       |       |     2 |     5 ||     7
         Sleeping          |       |       |       |     1 |       ||     1
         Invisible         |       |       |       |       |     4 ||     4
 Armour: Leather armour    |    25 |    42 |   214 |   479 |       ||   760
         Chain mail        |       |    40 |       |     8 |  1337 ||  1385
         Skin              |       |     3 |       |       |       ||     3
  Dodge: Dodged            |    25 |    65 |   234 |   582 |   734 ||  1640
  Block: Other             |       |       |       |       |   121 ||   121

Table legend: (Time is in decaauts)
 A = Elapsed time spent in this place.
 B = Non-inter-level travel time spent in this place.
 C = Inter-level travel time spent in this place.
 D = Time resting spent in this place.
 E = Time spent auto-exploring this place.
 F = Levels seen in this place.
 G = Mean time per level.
                   A        B        C        D        E       F      G
               +--------+--------+--------+--------+--------+-----+--------+
         Total |  31922 |  30566 |   1356 |   6715 |  14778 |  23 | 1387.9 |
       Dungeon |  16749 |  15917 |    832 |   2562 |   8300 |  13 | 1288.4 |
        Temple |     53 |      2 |     51 |      0 |      0 |   1 |   53.0 |
          Lair |   8348 |   8026 |    322 |   1826 |   4400 |   5 | 1669.6 |
  Orcish Mines |   5151 |   5001 |    150 |   1827 |   1616 |   2 | 2575.5 |
        Bailey |    448 |    448 |      0 |    112 |    125 |   1 |  448.0 |
       Volcano |   1171 |   1171 |      0 |    388 |    337 |   1 | 1171.0 |
               +--------+--------+--------+--------+--------+-----+--------+

Top non-repeatable levels by time:
   Orc:2: 2896 daAuts
    D:11: 2477 daAuts
  Lair:3: 2329 daAuts
   Orc:1: 2254 daAuts
     D:9: 2237 daAuts
    D:12: 2039 daAuts
  Lair:1: 2007 daAuts
  Lair:4: 1713 daAuts
    D:10: 1687 daAuts
     D:5: 1681 daAuts
  Lair:2: 1570 daAuts
     D:8: 1248 daAuts
 Volcano: 1171 daAuts
     D:4: 1130 daAuts
     D:6: 1055 daAuts
